 Dungeon Sprint DCSS version 0.31-a0-806-g0bc164a743 (webtiles) character file.

Game seed: 15290120074673234396

128 sircluck the Ruffian (level 4, 0/50 HPs)
             Began as a Troll Berserker on Sept 21, 2023.
             Was a Priest of Trog.
             Slain by a deep elf pyromancer
             ... wielding a +2 long sword of holy wrath
              (4 damage)
             ... in the Dungeon (Sprint III: "The Ten Rune Challenge").
             The game lasted 00:01:13 (189 turns).

sircluck the Ruffian (Troll Berserker)               Turns: 189, Time: 00:01:14

Health: 0/50       AC:  9    Str: 27    XL:     4   Next: 87%
Magic:  3/3        EV: 11    Int:  3    God:    Trog [***...]
Gold:   26         SH:  0    Dex:  9    Spells: 3/3 levels left

rFire   . .          .
                       - Unarmed
rCold   . . .        (no shield)
rNeg    . . .        a - +0 animal skin
rPois   .            (helmet restricted)
rElec   .            h - +0 cloak
rCorr   .            (gloves unavailable)
SInv    .            (boots unavailable)
Will    .....        (no amulet)
Stlth   +            (no ring)
HPRegen 1.08/turn    (no ring)
MPRegen 0.08/turn

%: no teleportation
@: no status effects
A: large, unfitting armour, claws 3, regeneration 1, shaggy fur 1, tough skin 1,
iridescent scales 2, evolution 1
a: Renounce Religion, Berserk, Trog's Hand


You were in the Dungeon.
You worshipped Trog.
Trog was most pleased with you.
You visited 1 branch You collected 26 gold pieces.

Inventory:

Armour
 a - a +0 animal skin (worn)
 h - a +0 cloak (worn)
Scrolls
 g - a scroll of blinking
 j - a scroll of torment {unknown}
 k - 3 scrolls of identify
 m - a scroll of poison {unknown}
Potions
 b - 3 potions of curing
 d - a potion of haste
 e - 2 potions of magic
 f - a potion of berserk rage
 i - a potion of mutation
 l - a potion of enlightenment {unknown}


   Skills:
 + Level 5.3 Fighting
 + Level 5.2 Dodging
 + Level 6.3 Unarmed Combat


You had 3 spell levels left.
You didn't know any spells.
Your spell library was empty.

Dungeon Overview and Level Annotations

Branches:
Dungeon (1/1)

Altars:
Elyvilon
Zin
The Shining One


Innate Abilities, Weirdness & Mutations

You are too large for most types of armour.
You have claws for hands.
Your natural rate of healing is unusually fast.
You are covered in fur. (AC +1)
You have tough skin. (AC +1)
You are mostly covered in iridescent scales. (AC +4)
You have hidden genetic potential.


Message History

The deep elf pyromancer points at you and mumbles some strange words.
The sticky flame hits you.
You are covered in liquid flames!
There is an open door here.
You are covered in liquid flames!
The deep elf pyromancer hits you with a +2 long sword of holy wrath.
You claw the deep elf pyromancer!
The deep elf pyromancer is heavily wounded.
You are covered in liquid flames!
You are no longer on fire.
The deep elf pyromancer gestures at you while chanting.
The sticky flame hits you but does no damage.
You are covered in liquid flames!
You miss the deep elf pyromancer.
The deep elf pyromancer is heavily wounded.
You are covered in liquid flames!
The deep elf pyromancer gestures at you while chanting.
The bolt of fire hits you!!
Ouch! That really hurt!
* * * LOW HITPOINT WARNING * * *
You are too injured to fight recklessly!
You are too injured to fight recklessly!
You are too injured to fight recklessly!
You are too injured to fight recklessly!
You feel much better.
You are covered in liquid flames!
You are no longer on fire.
The deep elf pyromancer barely misses you.
You closely miss the deep elf pyromancer.
The deep elf pyromancer is heavily wounded.
The deep elf pyromancer casts a spell at you.
The bolt of fire hits you!!
* * * LOW HITPOINT WARNING * * *
You closely miss the deep elf pyromancer.
The deep elf pyromancer is heavily wounded.
The deep elf pyromancer completely misses you.
You scratch the deep elf pyromancer.
The deep elf pyromancer is heavily wounded.
The deep elf pyromancer hits you with a +2 long sword of holy wrath.
You die...

▓▓▓▓▓▓▓▓ ▓▓▓ ..'....♣♣
♣.##### ..#.....♣♣
♣♣.#___# ###....♣.♣
♣..#e@.#
..#....~♣♣♣♣♣.###'#+###+#
..#...~~)♣♣...#..........
.)#..~~~~.♣...'.⌠........
#'#..~≈≈~~~.♣.#...######+
.)#.~~≈~~~....#.⌠.#
..#.~≈~~~.....#...#
..#.~~~†......#+###
###...........#


You could see a deep elf pyromancer.

Vanquished Creatures
  A water elemental (D)
  Crazy Yiuf (D)
  Jessica (D)
  A human (D)
  2 endoplasms (D)
  A rat (D)
7 creatures vanquished.

Notes
Turn   | Place    | Note
-------+----------+-------------------------------------------
     0 | D        | sircluck the Troll Berserker began the quest for the Orb.
     0 | D        | Reached XP level 1. HP: 22/22 MP: 0/0
    11 | D        | Noticed Jessica
    15 | D        | Killed Jessica
    15 | D        | Reached ** piety under Trog
    16 | D        | Reached skill level 4 in Unarmed Combat
    16 | D        | Reached XP level 2. HP: 20/32 MP: 1/1
    16 | D        | Reached XP level 3. HP: 25/39 MP: 2/2
    62 | D        | Reached skill level 5 in Unarmed Combat
    78 | D        | Noticed Crazy Yiuf
    84 | D        | Killed Crazy Yiuf
    84 | D        | Reached *** piety under Trog
    85 | D        | Reached XP level 4. HP: 34/49 MP: 1/3
   112 | D        | Gained mutation: Your spells are a little easier to cast,
                  | but a little less powerful. [potion of mutation]
   112 | D        | Gained mutation: You expend magic power (3 MP) to
                  | strengthen your wands. [potion of mutation]
   113 | D        | Lost mutation: Your spells are a little easier to cast, but
                  | a little less powerful. [potion of mutation]
   113 | D        | Lost mutation: You expend magic power (3 MP) to strengthen
                  | your wands. [potion of mutation]
   113 | D        | Gained mutation: Your flesh is cold resistant. (rC+)
                  | [potion of mutation]
   114 | D        | Lost mutation: Your flesh is cold resistant. (rC+) [potion
                  | of mutation]
   114 | D        | Gained mutation: You are partially covered in iridescent
                  | scales. (AC +2) [potion of mutation]
   114 | D        | Gained mutation: Your body sometimes deteriorates upon
                  | taking damage. [potion of mutation]
   114 | D        | Gained mutation: You are mostly covered in iridescent
                  | scales. (AC +4) [potion of mutation]
   114 | D        | Gained mutation: Your spells are a little harder to cast,
                  | but a little more powerful. [potion of mutation]
   115 | D        | Lost mutation: Your body sometimes deteriorates upon taking
                  | damage. [potion of mutation]
   115 | D        | Lost mutation: Your spells are a little harder to cast, but
                  | a little more powerful. [potion of mutation]
   115 | D        | Gained mutation: You have hidden genetic potential. [potion
                  | of mutation]
   131 | D        | Noticed a water elemental
   135 | D        | Killed a water elemental
   136 | D        | Reached skill level 5 in Fighting
   136 | D        | Reached skill level 5 in Dodging
   136 | D        | Reached skill level 6 in Unarmed Combat
   181 | D        | Found a glowing silver altar of Zin.
   181 | D        | Found a glowing golden altar of the Shining One.
   181 | D        | Found a white marble altar of Elyvilon.
   182 | D        | Noticed a deep elf pyromancer
   185 | D        | HP: 1/50 [deep elf pyromancer/bolt of fire (34)]
   189 | D        | Slain by a deep elf pyromancer

Illustrated notes

Levels and vault maps discovered:
D:        dungeon_sprint_mu [sprint_mu_entry_forest, sprint_mu_temple_rooms,
          sprint_mu_d1_horrors, sprint_mu_d2_genie, sprint_mu_d3_branching,
          sprint_mu_orc_legion, sprint_mu_elf_gauntlet, sprint_mu_hive_nellie,
          sprint_mu_lair_fedhas, sprint_mu_vaults_butterflies,
          sprint_mu_slime_circle, sprint_mu_shoals_archi,
          sprint_mu_snake_twists, sprint_mu_blade_basic, sprint_mu_crypt_lich,
          sprint_mu_tomb_spiral, sprint_mu_vestibule_basic,
          sprint_mu_gehenna_hellfire, sprint_mu_dis_giant,
          sprint_mu_tartarus_statrot, sprint_mu_cocytus_islands, sprint_mu_zot1]

Skill      XL: |  1  2  3  4 |
---------------+-------------+-----
Fighting       | 3 4 5 |  5.3
Dodging        | 3 4 5 |  5.2
Unarmed Combat | 4 5 6 |  6.3

Action                     |  1- 3 |  4- 6 || total
---------------------------+-------+-------++-------
  Melee: Unarmed           |    25 |     7 ||    32
 Invoke: Berserk           |       |     1 ||     1
    Use: Potion            |       |     5 ||     5
 Armour: Animal skin       |    13 |     6 ||    19
  Dodge: Dodged            |     8 |     3 ||    11

Table legend: (Time is in decaauts)
 A = Elapsed time spent in this place.
 B = Non-inter-level travel time spent in this place.
 C = Inter-level travel time spent in this place.
 D = Time resting spent in this place.
 E = Time spent auto-exploring this place.
 F = Levels seen in this place.
 G = Mean time per level.
                   A        B        C        D        E       F      G
               +--------+--------+--------+--------+--------+-----+--------+
         Total |    196 |    196 |      0 |     49 |     69 |   1 |  196.0 |
       Dungeon |    196 |    196 |      0 |     49 |     69 |   1 |  196.0 |
               +--------+--------+--------+--------+--------+-----+--------+

Top non-repeatable levels by time:
       D: 196 daAuts
